Map: Givre EC

Players

momo - Winner!

  • Race: Protoss Protoss
  • League: Diamond

Worming

  • Race: Zerg Zerg
  • League: Diamond

VOD

Have the link to the VOD?

Description

Time

  • Played on: Oct. 31, 2016, 3:21 p.m.
  • Length: 22:34
Show
View Real Time Build Order
Export as new Build Order

momo Protoss - Winner!

Build Orders: 1 Gate Expand 

Get SALT Encoding   

  12  0:01  Probe (Chrono Boost)  
  13  0:11  Probe (Chrono Boost)  
  14  0:18  Pylon  
  14  0:22  Probe (Chrono Boost)  
  15  0:37  Probe (Chrono Boost)  
  15  0:40  Gateway  
  16  0:47  Probe (Chrono Boost), Assimilator  
  17  0:58  Probe (Chrono Boost)  
  18  1:08  Probe (Chrono Boost)  
  19  1:23  Nexus, Unknown  
  19  1:32  Cybernetics Core  
  19  1:35  Probe (Chrono Boost)  
  20  1:46  Pylon  
  20  1:52  Probe (Chrono Boost), Assimilator  
  21  2:03  Probe (Chrono Boost)  
  22  2:10  Adept  
  22  2:13  Warp Gate  
  22  2:14  Probe (Chrono Boost)  
  25  2:24  Probe (Chrono Boost)  
  25  2:27  Gateway  
  26  2:35  Unknown  
  26  2:37  Gateway  
  26  2:41  Pylon  
  25  2:46  Mothership Core (Chrono Boost)  
  25  2:49  Probe (Chrono Boost)  
  28  3:00  Probe (Chrono Boost)  
  29  3:08  Probe (Chrono Boost)  
  29  3:10  Probe (Chrono Boost)  
  29  3:12  Pylon  
  31  3:18  Probe (Chrono Boost)  
  34  3:21  Probe (Chrono Boost)  
  34  3:26  Adept  
  37  3:29  Probe (Chrono Boost)  
  37  3:31  Probe (Chrono Boost)  
  37  3:33  Gateway  
  37  3:37  Gateway  
  37  3:50  Gateway  
  37  3:54  Gateway  
  37  3:58  Probe (Chrono Boost)  
  37  3:59  Probe (Chrono Boost)  
  39  4:08  Pylon  
  39  4:12  Probe (Chrono Boost)  
  39  4:13  Probe (Chrono Boost)  
  41  4:18  Robotics Facility  
  41  4:20  Pylon  
  41  4:23  Probe x2 (Chrono Boost)  
  43  4:25  Pylon  
  43  4:33  Probe (Chrono Boost)  
  44  4:43  Assimilator  
  44  4:44  Probe (Chrono Boost)  
  45  4:45  Assimilator  
  45  4:53  Adept x2, Pylon  
  45  4:54  Adept x2  
  45  4:55  Adept  
  45  4:58  Adept  
  57  5:02  Adept  
  57  5:03  Probe (Chrono Boost)  
  57  5:05  Probe (Chrono Boost)  
  61  5:09  Observer  
  62  5:18  Adept x3  
  62  5:19  Adept  
  70  5:23  Adept  
  72  5:32  Adept x2  
  72  5:49  Immortal  
  62  6:13  Adept x2  
  62  6:14  Adept  
  61  6:30  Stalker x2  
  61  6:31  Stalker x2  
  61  6:32  Immortal  
  67  6:37  Robotics Facility  
  63  6:50  Adept  
  63  6:51  Adept x2  
  59  7:44  Immortal  
  59  7:49  Immortal  
  59  7:50  Stalker x5  
  59  7:51  Stalker x2  
  79  7:53  Probe (Chrono Boost)  
  79  7:54  Probe (Chrono Boost)  
  81  8:03  Probe (Chrono Boost)  
  83  8:06  Probe (Chrono Boost)  
  83  8:16  Adept x4  
  91  8:27  Pylon  
  90  8:28  Pylon  
  90  8:30  Pylon  
  88  8:45  Immortal  
  88  8:49  Immortal  
  88  8:53  Stalker x6  
  102  9:11  Nexus, Unknown  
  102  9:12  Pylon  
  102  9:14  Pylon  
  102  9:19  Sentry x3  
  102  9:20  Sentry  
  110  9:35  Pylon x2  
  110  9:45  Stalker x4  
  118  9:53  Twilight Council  
  118  9:55  Warp Prism  
  118  10:04  Probe (Chrono Boost)  
  118  10:05  Pylon  
  117  10:22  Unknown  
  117  10:23  Pylon  
  95  10:34  Stalker x4  
  93  10:42  Adept x2  
  92  10:50  Probe (Chrono Boost)  
  92  10:51  Probe (Chrono Boost)  
  92  10:55  Gateway  
  82  11:19  Adept x4  
  82  11:20  Adept  
  82  11:34  Resonating Glaives  
  72  11:42  Stalker x3  
  72  11:43  Stalker x3  
  84  11:57  Adept  
  68  12:21  Adept x5  
  68  12:22  Adept  
  56  12:37  Adept  
  53  12:45  Adept x5  
  53  12:46  Adept  
  65  12:53  Assimilator  
  65  12:55  Templar Archives  
  65  12:56  Probe (Chrono Boost), Assimilator  
  66  13:15  Stargate  
  66  13:16  Stargate  
  66  13:24  Probe x2 (Chrono Boost)  
  68  13:32  High Templar x2  
  68  13:33  High Templar x4  
  80  13:38  Archon x3  
  80  13:39  Stalker, Immortal  
  86  13:57  Warp Prism, Pylon  
  88  14:03  High Templar  
  88  14:05  High Templar  
  92  14:11  Archon  
  92  14:15  Observer  
  91  14:17  Adept x3  
  91  14:24  Adept  
  100  14:41  Nexus, Unknown  
  100  15:02  High Templar x4  
  100  15:04  High Templar  
  110  15:08  Unknown  
  110  15:09  Assimilator  
  110  15:12  Adept  
  110  15:13  Adept, Archon  
  110  15:14  Archon, Assimilator  
  114  15:16  Pylon  
  114  15:26  Pylon  
  114  15:32  Probe (Chrono Boost), High Templar  
  117  15:38  Adept x4, Archon  
  117  15:39  Adept  
  117  15:41  Observer  
  128  15:43  Observer  
  129  15:52  Unknown  
  129  16:08  Adept x4  
  129  16:09  Adept x3  
  107  16:19  Void Ray  
  107  16:21  Void Ray  
  111  16:29  Adept  
  106  16:56  Probe x2 (Chrono Boost)  
  106  16:59  Probe (Chrono Boost)  
  106  17:00  Void Ray  
  106  17:01  Void Ray  
  96  17:08  Probe (Chrono Boost)  
  96  17:15  Adept x4  
  104  17:18  High Templar  
  106  17:50  Stalker x3  
  106  17:51  Stalker x3  
  110  17:57  Oracle  
  111  18:07  Void Ray  
  101  18:31  Stalker  
  101  18:32  Stalker x3  
  79  19:16  Probe (Chrono Boost)  
  82  19:17  Probe x2 (Chrono Boost)  
  82  19:22  High Templar x4  
  90  19:29  Probe x2 (Chrono Boost)  
  92  19:32  Void Ray  
  96  19:42  Archon x2  
  96  19:45  Psionic Storm  
  97  19:53  Probe (Chrono Boost)  
  97  19:59  Void Ray  
  102  20:08  Probe (Chrono Boost)  
  102  20:15  High Templar x2  
  102  20:16  High Templar  
  102  20:18  Pylon  
  108  20:48  Void Ray  
  108  20:53  Void Ray  
  108  20:55  High Templar  
  118  21:04  Zealot x5  
  122  21:07  Probe (Chrono Boost)  
  128  21:28  Probe (Chrono Boost)  
  128  21:29  Probe (Chrono Boost)  
  128  21:30  Probe (Chrono Boost)  
  128  21:31  Probe (Chrono Boost)  
  132  21:38  Probe (Chrono Boost)  
  122  21:51  Stalker x5  
  122  21:54  Oracle  
  135  22:11  Adept  
  135  22:15  Adept x4  
  141  22:16  Adept  
Show
View Real Time Build Order
Export as new Build Order

Worming Zerg 

Build Orders: 3 Hatch before Pool 

Get SALT Encoding   

  12  0:01  Drone  
  13  0:13  Overlord  
  13  0:17  Drone  
  14  0:31  Drone x2  
  16  0:38  Drone  
  17  0:51  Unknown, Hatchery  
  17  0:57  Unknown, Hatchery  
  17  1:02  Drone  
  17  1:14  Spawning Pool  
  17  1:17  Drone  
  17  1:20  Extractor  
  17  1:22  Drone  
  17  1:26  Drone  
  17  1:29  Drone  
  19  1:39  Overlord  
  19  1:57  Drone  
  20  2:02  Queen  
  20  2:03  Zergling x2  
  23  2:08  Queen, Unknown  
  23  2:09  Zergling x2  
  26  2:18  Drone  
  27  2:25  Drone x2  
  29  2:30  Metabolic Boost  
  29  2:41  Queen  
  31  2:46  Overlord  
  31  2:48  Drone x3  
  34  3:13  Drone x7  
  41  3:26  Unknown, Drone x2, Hatchery  
  42  3:27  Drone  
  42  3:31  Overlord  
  43  3:42  Zergling x2  
  43  3:48  Extractor  
  43  3:49  Drone  
  43  3:51  Drone x2  
  43  3:53  Extractor, Drone x2  
  43  3:55  Drone  
  48  3:56  Zergling x2  
  48  3:57  Zergling x6  
  52  4:07  Lair  
  52  4:10  Roach Warren  
  52  4:13  Evolution Chamber  
  52  4:15  Drone  
  52  4:16  Extractor  
  51  4:17  Drone x2  
  51  4:19  Overlord  
  52  4:24  Overlord  
  52  4:32  Overlord  
  52  4:38  Unknown  
  52  4:42  Overlord  
  52  4:45  Pneumatized Carapace  
  52  4:46  Drone  
  52  4:48  Drone x6  
  59  4:55  Zerg Missile Weapons Level 1  
  59  4:59  Drone x4  
  63  5:07  Spore Crawler  
  63  5:10  Spore Crawler, Drone  
  62  5:16  Roach x3  
  68  5:22  Roach x2  
  68  5:24  Glial Reconstitution  
  72  5:33  Roach x4  
  74  5:40  Roach  
  74  5:41  Roach x2  
  78  5:48  Queen  
  73  6:03  Roach x5  
  76  6:17  Roach x4  
  80  6:21  Queen  
  79  6:47  Drone x3  
  82  6:57  Roach  
  82  6:58  Roach x3  
  90  7:02  Zerg Missile Weapons Level 2  
  90  7:03  Overlord  
  80  7:37  Drone x5  
  80  7:38  Drone x6  
  88  8:02  Drone x3  
  88  8:03  Drone x3  
  94  8:14  Overlord x3  
  94  8:15  Hydralisk Den  
  92  8:41  Zergling x2  
  93  8:55  Muscular Augments, Hydralisk x8  
  106  9:18  Hydralisk x3  
  112  9:24  Zergling x2  
  112  9:54  Hydralisk  
  112  9:56  Overlord  
  112  9:57  Overlord x3  
  114  10:03  Unknown, Hatchery  
  113  10:10  Overlord x2  
  114  10:14  Ravager  
  114  10:15  Ravager x4  
  114  10:19  Hydralisk x2  
  114  10:20  Hydralisk x4  
  107  10:35  Hydralisk x5  
  83  10:45  Hydralisk x3  
  74  10:58  Hydralisk  
  74  10:59  Zergling x2  
  72  11:15  Unknown  
  70  11:21  Hydralisk  
  70  11:22  Hydralisk x4  
  75  11:39  Hydralisk  
  62  11:40  Hydralisk x2  
  62  11:44  Zergling x2  
  69  11:59  Zergling x6  
  38  12:38  Hydralisk x6  
  46  12:47  Zergling x6  
  46  12:50  Zergling x2  
  50  12:52  Queen x2  
  54  13:00  Hydralisk  
  54  13:01  Hydralisk x3  
  61  13:44  Overseer  
  61  13:46  Roach, Hydralisk x3  
  61  13:47  Roach x4  
  77  13:54  Unknown, Hatchery  
  76  14:00  Zergling x2  
  77  14:23  Lurker Den  
  76  14:28  Drone x5  
  81  14:35  Roach x6  
  92  14:50  Hydralisk  
  92  14:51  Zergling x6, Hydralisk  
  92  14:52  Roach  
  101  15:06  Unknown  
  101  15:15  Hydralisk x2  
  101  15:16  Roach x2, Zergling x2, Hydralisk  
  101  15:17  Overlord  
  112  15:30  Zergling x4  
  114  15:44  Roach  
  114  15:45  Zergling x6  
  119  15:57  Lurker x2  
  119  15:58  Lurker  
  91  16:21  Zergling x24  
  95  16:52  Drone  
  95  16:53  Drone x2  
  95  16:54  Drone x3  
  100  16:55  Drone  
  100  16:56  Queen x2  
  106  17:02  Zergling x2  
  106  17:03  Zergling x2  
  104  17:26  Spine Crawler x2  
  102  17:33  Queen  
  82  17:59  Lurker  
  80  18:06  Lurker  
  81  18:17  Drone x3  
  81  18:18  Drone x6  
  86  18:37  Hydralisk x2  
  86  18:38  Zergling x12  
  92  18:48  Hydralisk x3  
  72  18:49  Zergling x2  
  63  18:56  Overseer x2  
  63  18:59  Roach x3  
  69  19:03  Zergling x4  
  69  19:07  Extractor  
  70  19:10  Extractor, Spine Crawler  
  65  19:19  Drone x2  
  65  19:22  Roach x3  
  73  19:25  Drone  
  73  19:28  Drone x2  
  73  19:29  Drone x3  
  79  19:39  Extractor  
  79  19:43  Hydralisk x3  
  79  19:44  Zergling x14  
  91  19:52  Unknown, Hatchery  
  90  19:54  Lurker  
  90  19:56  Zergling x12  
  97  20:04  Drone x3  
  100  20:08  Lurker, Extractor  
  100  20:10  Zergling x10  
  105  20:22  Zerg Ground Armor Level 1  
  103  20:38  Spine Crawler  
  101  20:56  Spine Crawler  
  100  21:04  Unknown  
  100  21:11  Lurker  
  100  21:12  Lurker  
  87  21:28  Hydralisk x2  
  87  21:29  Roach x6, Zergling x2  
  87  21:30  Zergling x20  
  105  21:45  Overlord  
  75  21:47  Hydralisk x2  
  75  21:48  Roach x3  
  82  21:57  Hydralisk x2  
  85  22:06  Hydralisk  
Tags
 
Add a new tag
Caveats
  • Supply blocks, unpowered buildings, or Contaminate may cause inaccurate times.
  • Supply counts are checked every 10 seconds.